Map: Ultralove

Players

TheSlicer

  • Race: Zerg Zerg
  • League: Diamond
  • Spawn Location: 1:00

ManlyManMeat - Winner!

  • Race: Zerg Zerg
  • League: Diamond
  • Spawn Location: 7:00

VOD

Have the link to the VOD?

Description

Time

  • Played on: July 1, 2025, 2:56 p.m.
  • Length: 7:50
Show
View Real Time Build Order
Export as new Build Order

TheSlicer Zerg 

Build Orders: Pool First 

Get SALT Encoding   

  12  0:01  Extractor  
  12  0:07  Drone  
  12  0:15  Drone  
  12  0:18  Drone  
  14  0:36  Spawning Pool  
  14  0:40  Drone  
  14  0:49  Overlord  
  14  0:59  Overlord  
  14  1:08  Drone x2  
  16  1:14  Drone  
  17  1:22  Metabolic Boost  
  17  1:25  Drone  
  18  1:39  Drone  
  19  1:42  Queen  
  21  1:49  Drone  
  22  1:56  Drone  
  23  2:09  Hatchery  
  23  2:10  Zergling x2  
  23  2:22  Roach Warren  
  22  2:24  Zergling x2  
  22  2:29  Zergling x2  
  24  2:41  Zergling x2  
  25  2:50  Drone x2  
  25  2:51  Drone  
  28  3:04  Drone  
  29  3:20  Queen  
  29  3:22  Roach x2  
  29  3:26  Overlord, Roach  
  36  3:30  Roach  
  35  3:35  Overlord  
  35  3:46  Roach  
  35  3:47  Roach x2  
  41  3:49  Roach  
  43  4:02  Overlord  
  43  4:04  Overlord  
  43  4:11  Overlord  
  43  4:20  Extractor  
  43  4:21  Extractor  
  41  4:24  Lair  
  41  4:27  Roach x4  
  41  4:28  Roach  
  51  4:42  Drone x2  
  53  4:48  Drone  
  53  4:50  Drone  
  53  4:52  Drone x3  
  58  4:58  Drone, Extractor  
  58  5:09  Evolution Chamber  
  58  5:14  Evolution Chamber x2  
  56  5:17  Drone x3  
  56  5:18  Drone x2  
  60  5:26  Spine Crawler  
  60  5:27  Drone  
  60  5:28  Drone  
  61  5:38  Overlord  
  61  5:39  Drone x2  
  61  5:40  Drone  
  61  5:41  Drone  
  65  5:54  Roach x3  
  61  6:02  Roach x2  
  59  6:16  Drone x3  
  49  6:47  Drone  
  49  6:52  Drone  
  39  7:04  Spine Crawler  
  24  7:13  Drone  
  24  7:14  Drone  
  26  7:20  Drone  
  27  7:29  Drone x2  
  29  7:34  Drone  
Show
View Real Time Build Order
Export as new Build Order

ManlyManMeat Zerg - Winner!

Build Orders: Hatch First 

Get SALT Encoding   

  12  0:00  Drone  
  13  0:08  Drone  
  14  0:14  Extractor  
  14  0:15  Drone  
  15  0:22  Overlord  
  15  0:41  Drone  
  16  0:46  Hatchery  
  16  0:49  Drone  
  16  0:56  Drone  
  17  0:57  Drone  
  18  1:10  Extractor  
  17  1:13  Spawning Pool  
  17  1:16  Drone  
  17  1:19  Drone  
  18  1:26  Drone  
  19  1:36  Drone  
  20  1:59  Queen  
  20  2:00  Queen  
  24  2:01  Zergling x4  
  24  2:04  Overlord  
  26  2:11  Drone x2  
  28  2:17  Metabolic Boost  
  28  2:25  Zergling x4  
  30  2:32  Drone x2  
  32  2:41  Baneling Nest  
  31  2:46  Drone  
  31  2:47  Drone  
  32  3:00  Zergling x4  
  34  3:05  Overlord  
  34  3:07  Overlord  
  33  3:20  Overlord  
  33  3:21  Overlord  
  31  3:30  Zergling x10  
  31  3:31  Zergling x2  
  31  3:33  Baneling x5  
  37  3:55  Hatchery  
  36  3:58  Evolution Chamber  
  36  3:59  Drone  
  36  4:00  Drone x2  
  36  4:01  Drone x2  
  40  4:03  Drone  
  40  4:12  Lair  
  40  4:17  Extractor  
  39  4:18  Drone, Extractor  
  39  4:20  Extractor  
  38  4:30  Drone x4  
  42  4:48  Drone x4  
  42  4:51  Drone x2  
  48  5:09  Drone x3  
  51  5:14  Spire  
  51  5:17  Drone x3  
  51  5:18  Zergling x4  
  51  5:20  Queen  
  57  5:27  Zergling x2  
  57  5:28  Zergling x4  
  59  5:41  Zergling x10  
  63  5:54  Zergling x10  
  66  6:04  Zergling x2  
  66  6:05  Zergling x6  
  66  6:10  Zergling x6  
  73  6:14  Zergling x2  
  71  6:21  Overlord x3  
  71  6:22  Overlord  
  67  6:29  Mutalisk x2  
  65  6:47  Mutalisk x5  
  74  6:57  Mutalisk  
  67  7:16  Zergling x12  
  67  7:17  Hatchery  
  67  7:19  Baneling x3  
  72  7:29  Zergling x2  
Tags
 
Matchup
ZvZ
Race
Zerg
Replay Pack
Myownreplay2
Spawn Locations
Cross Positions
Add a new tag
Caveats
  • Supply blocks, unpowered buildings, or Contaminate may cause inaccurate times.
  • Supply counts are checked every 10 seconds.